BSA
CHICAGO MACHINE @ FRESNO DEPLORABLES
06/19/2026
 
TOP OF THE 1ST
Chicago Machine batting - Pitching for Portland Cards : RHP Manuel Fuentes
Pitching: RHP Manuel Fuentes
Batting: RHB Pablo Sandoval 0-0: SINGLE (Groundball, 4M)
Batting: LHB Bob Smith 0-0: Ball
1-0: Ball
2-0: Foul Ball, location: 2F
2-1: Swinging Strike
2-2: Strikes out swinging
Batting: RHB Edward Young 0-0: Ball
Pablo Sandoval steals 2nd base
1-0: Called Strike
1-1: Called Strike
Pablo Sandoval is caught stealing 3rd base
1-2: Foul Ball, location: 2F
1-2: Ball
2-2: Foul Ball, location: 2F
2-2: Reached on error, E5 (Groundball, 56)
Batting: SHB Edward Bartlett 0-0: Ball
1-0: Swinging Strike
1-1: Ball
2-1: Fly out, F8 (Popup, 8LS)
Top of the 1st over - 0 run(s), 1 hit(s), 1 error(s), 1 left on base; Chicago 0 - Portland 0
BOTTOM OF THE 1ST
Portland Cards batting - Pitching for Chicago Machine : RHP Zózimo Pascoal
Pitching: RHP Zózimo Pascoal
Batting: LHB John Cotton 0-0: Called Strike
0-1: Called Strike
0-2: Ball
1-2: SINGLE (Flyball, 9M)
Batting: LHB Keith Beard 0-0: Ball
1-0: Ball
2-0: Ball
3-0: Base on Balls
John Cotton to second
Batting: LHB Jeff Daniels 0-0: Ball
John Cotton is caught stealing 3rd base
Keith Beard to second
1-0: Ball
2-0: Called Strike
2-1: Ball
3-1: Foul Ball, location: 2F
3-2: DOUBLE (Line Drive, 7LM)
Keith Beard scores
Batting: LHB Paul Mullins 0-0: Foul Ball, location: 2F
0-1: Called Strike
0-2: Ball
1-2: Ball
2-2: Reached on error, E4 (Groundball, 4)
Jeff Daniels scores
Batting: LHB Donovan Bird 0-0: Swinging Strike
0-1: Foul Ball, location: 2F
0-2: Foul Ball, location: 2F
Balk!
Paul Mullins to third
0-2: Ball
1-2: Ball
2-2: Fly out, F9 (Flyball, 89M)
Runner from 3rd tags up, SCORES, throw made
Batting: RHB Aaron Scott 0-0: Ball
1-0: SINGLE (Flyball, 8LS)
Batting: LHB Tom Blake 0-0: Ball
1-0: Swinging Strike
1-1: Ball
2-1: Called Strike
2-2: Foul Ball, location: 2F
2-2: Foul Ball, location: 2F
2-2: Foul Ball, location: 2F
2-2: Foul Ball, location: 2F
2-2: Fly out, F8 (Line Drive, 8LM)
Bottom of the 1st over - 3 run(s), 3 hit(s), 1 error(s), 1 left on base; Chicago 0 - Portland 3
TOP OF THE 2ND
Chicago Machine batting - Pitching for Portland Cards : RHP Manuel Fuentes
Batting: RHB Doug Stephens 0-0: Called Strike
0-1: Ball
1-1: Ball
2-1: Swinging Strike
2-2: Foul Ball, location: 2F
2-2: Foul Ball, location: 2F
2-2: Ball
3-2: Base on Balls
Batting: RHB Derek Ramsey 0-0: Swinging Strike
0-1: Ball
1-1: Foul Ball, location: 2F
1-2: Strikes out swinging
Batting: RHB Lorenzo Guzmán 0-0: Ball
1-0: Foul Ball, location: 2F
1-1: Ball
2-1: Ball
3-1: Base on Balls
Doug Stephens to second
Batting: SHB Joaquín López 0-0: Called Strike
0-1: Ball
1-1: Called Strike
1-2: Grounds into double play, U4-3 (Groundball, 4)
Top of the 2nd over - 0 run(s), 0 hit(s), 0 error(s), 1 left on base; Chicago 0 - Portland 3
BOTTOM OF THE 2ND
Portland Cards batting - Pitching for Chicago Machine : RHP Zózimo Pascoal
Batting: RHB Germán Rosales 0-0: Called Strike
0-1: Swinging Strike
0-2: Foul Ball, location: 2F
0-2: Fly out, F6 (Popup, 6M)
Batting: RHB Dani Vázquez 0-0: Called Strike
0-1: Ball
1-1: Ball
2-1: Ball
3-1: Swinging Strike
3-2: SINGLE (Groundball, 56)
Batting: LHB John Cotton 0-0: Called Strike
0-1: Foul Ball, location: 2F
0-2: Ball
1-2: Foul Ball, location: 2F
1-2: Ball
2-2: Foul Ball, location: 2F
2-2: Fielders Choice at 2nd, 3-6 (Groundball, 3)
Batting: LHB Keith Beard 0-0: Ball
1-0: Ball
2-0: Called Strike
2-1: Ball
3-1: Foul Ball, location: 2F
3-2: Base on Balls
John Cotton to second
Batting: LHB Jeff Daniels 0-0: Foul Ball, location: 2F
0-1: Fielders Choice at 2nd, U6 (Groundball, 6M)
Bottom of the 2nd over - 0 run(s), 1 hit(s), 0 error(s), 2 left on base; Chicago 0 - Portland 3
TOP OF THE 3RD
Chicago Machine batting - Pitching for Portland Cards : RHP Manuel Fuentes
Batting: RHB Roberto Cardona 0-0: Called Strike
0-1: Called Strike
0-2: Strikes out swinging
Batting: RHB Pablo Sandoval 0-0: SINGLE (Popup, 89S)
Batting: LHB Bob Smith 0-0: Called Strike
Pablo Sandoval steals 2nd base
0-1: Ball
1-1: Swinging Strike
1-2: SINGLE (Line Drive, 4M)
Pablo Sandoval to third
Batting: RHB Edward Young 0-0: Called Strike
0-1: DOUBLE (Line Drive, 7D)
Pablo Sandoval scores
Bob Smith to third
Batting: SHB Edward Bartlett 0-0: Called Strike
0-1: Ball
1-1: SINGLE (Line Drive, 6)
Bob Smith scores
Edward Young to third
Runner from 3rd tries for Home, SAFE, no throw or cutoff
Batting: RHB Doug Stephens 0-0: Ball
Edward Bartlett is caught stealing 2nd base
1-0: Called Strike
1-1: Swinging Strike
1-2: Ball
2-2: Fly out, F8 (Flyball, 8LM)
Top of the 3rd over - 3 run(s), 4 hit(s), 0 error(s), 0 left on base; Chicago 3 - Portland 3
BOTTOM OF THE 3RD
Portland Cards batting - Pitching for Chicago Machine : RHP Zózimo Pascoal
Batting: LHB Paul Mullins 0-0: Ball
1-0: Ball
2-0: Foul Ball, location: 2F
2-1: Ground out 4-3 (Groundball, 4M)
Batting: LHB Donovan Bird 0-0: Ball
1-0: Foul Ball, location: 2F
1-1: Ball
2-1: Swinging Strike
2-2: Ground out 4-3 (Groundball, 4)
Batting: RHB Aaron Scott 0-0: SINGLE (Groundball, 6M)
Batting: LHB Tom Blake 0-0: Called Strike
0-1: Ball
1-1: Ball
2-1: Ball
3-1: Base on Balls
Aaron Scott to second
Batting: RHB Germán Rosales 0-0: Foul Ball, location: 2F
0-1: Ball
1-1: Foul Ball, location: 2F
1-2: Ball
2-2: Foul Ball, location: 2F
2-2: Foul Ball, location: 2F
2-2: SINGLE (Groundball, 34D)
Aaron Scott to third
Tom Blake to second
Runner from 3rd tries for Home, SAFE, no throw or cutoff
Batting: RHB Dani Vázquez 0-0: Ball
1-0: Ball
2-0: Ball
3-0: Called Strike
3-1: Base on Balls
Tom Blake to third
Germán Rosales to second
Batting: LHB John Cotton 0-0: Ball
1-0: Foul Ball, location: 2F
1-1: Ground out 4-3 (Groundball, 4)
Bottom of the 3rd over - 1 run(s), 2 hit(s), 0 error(s), 3 left on base; Chicago 3 - Portland 4
TOP OF THE 4TH
Chicago Machine batting - Pitching for Portland Cards : RHP Manuel Fuentes
Batting: RHB Derek Ramsey 0-0: Ball
1-0: Foul Ball, location: 2F
1-1: Ground out 5-3 (Groundball, 5)
Batting: RHB Lorenzo Guzmán 0-0: Ball
1-0: Swinging Strike
1-1: Ball
2-1: Foul Ball, location: 2F
2-2: Strikes out looking
Batting: SHB Joaquín López 0-0: Foul Ball, location: 2F
0-1: SINGLE (Line Drive, 6D)
Batting: RHB Roberto Cardona 0-0: Ball
1-0: Ball
2-0: Called Strike
2-1: Called Strike
2-2: SINGLE (Line Drive, 78S)
Joaquín López to second
Batting: RHB Pablo Sandoval 0-0: Ground out 6-3 (Groundball, 6)
Top of the 4th over - 0 run(s), 2 hit(s), 0 error(s), 2 left on base; Chicago 3 - Portland 4
BOTTOM OF THE 4TH
Portland Cards batting - Pitching for Chicago Machine : RHP Zózimo Pascoal
Pitching: RHP Howard Joyce
Batting: LHB Keith Beard 0-0: SINGLE (Line Drive, 4M)
Batting: LHB Jeff Daniels 0-0: Called Strike
Keith Beard is caught stealing 2nd base
0-1: Foul Ball, location: 2F
0-2: Ground out 4-3 (Groundball, 4)
Batting: LHB Paul Mullins 0-0: Ball
1-0: Fly out, F9 (Flyball, 9D)
Bottom of the 4th over - 0 run(s), 1 hit(s), 0 error(s), 0 left on base; Chicago 3 - Portland 4
TOP OF THE 5TH
Chicago Machine batting - Pitching for Portland Cards : RHP Manuel Fuentes
Batting: LHB Bob Smith 0-0: Ground out 4-3 (Groundball, 13)
Batting: RHB Edward Young 0-0: Called Strike
0-1: Ball
1-1: Ball
2-1: Ball
3-1: Base on Balls
Batting: SHB Edward Bartlett 0-0: Called Strike
Edward Young steals 2nd base
0-1: Fly out, F8 (Flyball, 89M)
Runner from 2nd tags up, SAFE at 3rd with throw
Batting: RHB Doug Stephens 0-0: Foul Ball, location: 2F
0-1: Ball
1-1: Ball
2-1: SINGLE (Flyball, 7S)
Edward Young scores
Batting: RHB Derek Ramsey 0-0: Ball
1-0: Swinging Strike
1-1: SINGLE (Line Drive, 3D)
Doug Stephens to second
Runner from 2nd tries for 3rd, SAFE, throw made to third
Batting: RHB Lorenzo Guzmán 0-0: Ball
1-0: Called Strike
1-1: Fly out, F9 (Flyball, 9LDF)
Top of the 5th over - 1 run(s), 2 hit(s), 0 error(s), 2 left on base; Chicago 4 - Portland 4
BOTTOM OF THE 5TH
Portland Cards batting - Pitching for Chicago Machine : RHP Howard Joyce
Batting: LHB Donovan Bird 0-0: Ball
1-0: Ball
2-0: Called Strike
2-1: SINGLE (Line Drive, 4MD)
Batting: RHB Aaron Scott 0-0: Foul Ball, location: 2F
0-1: Ball
1-1: Ball
2-1: Ball
3-1: Foul Ball, location: 2F
3-2: SINGLE (Groundball, 34D)
Donovan Bird to second
Donovan Bird to third
Batting: LHB Tom Blake 0-0: Foul Ball, location: 2F
0-1: Swinging Strike
0-2: Foul Ball, location: 2F
0-2: SINGLE (Line Drive, 4MD)
Donovan Bird scores
Aaron Scott to second
Batting: RHB Germán Rosales 0-0: Foul Ball, location: 2F
0-1: Ball
1-1: Swinging Strike
1-2: Ball
2-2: Grounds into double play, 5-4-3 (Groundball, 56)
Aaron Scott to third
Batting: RHB Dani Vázquez 0-0: Called Strike
0-1: Fly out, F9 (Flyball, 9LM)
Bottom of the 5th over - 1 run(s), 3 hit(s), 0 error(s), 1 left on base; Chicago 4 - Portland 5
TOP OF THE 6TH
Chicago Machine batting - Pitching for Portland Cards : RHP Manuel Fuentes
Batting: SHB Joaquín López 0-0: Swinging Strike
0-1: Foul Ball, location: 2F
0-2: Strikes out swinging
Batting: RHB Roberto Cardona 0-0: Ball
1-0: Ground out 1-3 (Groundball, 15S)
Batting: RHB Pablo Sandoval 0-0: Ground out 1-3 (Groundball, 13S)
Top of the 6th over - 0 run(s), 0 hit(s), 0 error(s), 0 left on base; Chicago 4 - Portland 5
BOTTOM OF THE 6TH
Portland Cards batting - Pitching for Chicago Machine : RHP Howard Joyce
Batting: LHB John Cotton 0-0: Called Strike
0-1: Called Strike
0-2: Ball
1-2: SINGLE (Line Drive, 56)
Batting: LHB Keith Beard 0-0: Ball
1-0: Swinging Strike
1-1: Ball
2-1: Ball
3-1: Base on Balls
John Cotton to second
Batting: LHB Jeff Daniels 0-0: Ball
1-0: Called Strike
1-1: Foul Ball, location: 2F
1-2: SINGLE (Groundball, 4MD)
John Cotton to third
Keith Beard to second
Runner from 3rd tries for Home, SAFE, no throw or cutoff
Batting: LHB Paul Mullins 0-0: Called Strike
0-1: Ball
1-1: Foul Ball, location: 2F
1-2: Ball
2-2: Foul Ball, location: 2F
2-2: Foul Ball, location: 2F
2-2: Fly out, F5 (Popup, 5DF)
Pitching: RHP António Mata
Batting: LHB Donovan Bird 0-0: Ball
1-0: Ball
2-0: Called Strike
2-1: Called Strike
2-2: DOUBLE (Line Drive, 5L)
Keith Beard scores
Jeff Daniels to third
Batting: RHB Aaron Scott 0-0: Fly out, F9 (Flyball, 89M)
Runner from 3rd tags up, SCORES, throw made
Batting: LHB Tom Blake 0-0: Called Strike
0-1: DOUBLE (Flyball, 7D)
Donovan Bird scores
Batting: RHB Germán Rosales 0-0: Called Strike
0-1: SINGLE (Line Drive, 8LS)
Tom Blake to third
Runner from 3rd tries for Home, SAFE, no throw or cutoff
Batting: RHB Dani Vázquez 0-0: Ball
1-0: Foul Ball, location: 2F
1-1: Ball
2-1: Foul Ball, location: 2F
2-2: Ball
3-2: Foul Ball, location: 2F
3-2: Foul Ball, location: 2F
3-2: Foul Ball, location: 2F
3-2: Ground out 4-3 (Groundball, 4)
Bottom of the 6th over - 5 run(s), 5 hit(s), 0 error(s), 1 left on base; Chicago 4 - Portland 10
TOP OF THE 7TH
Chicago Machine batting - Pitching for Portland Cards : RHP Manuel Fuentes
Pitching: RHP Armen Boyajian
Batting: LHB Bob Smith 0-0: Called Strike
0-1: Ball
1-1: Swinging Strike
1-2: Foul Ball, location: 2F
1-2: Strikes out looking
Batting: RHB Edward Young 0-0: Ball
1-0: Swinging Strike
1-1: SINGLE (Groundball, 56D)
Batting: SHB Edward Bartlett 0-0: Called Strike
0-1: Ball
1-1: Ground out U3 (Groundball, 3S)
Edward Young to second
Batting: RHB Doug Stephens 0-0: Swinging Strike
0-1: Called Strike
0-2: Foul Ball, location: 2F
0-2: Ground out 6-3 (Groundball, 6)
Top of the 7th over - 0 run(s), 1 hit(s), 0 error(s), 1 left on base; Chicago 4 - Portland 10
BOTTOM OF THE 7TH
Portland Cards batting - Pitching for Chicago Machine : RHP António Mata
Batting: LHB John Cotton 0-0: Called Strike
0-1: Ball
1-1: SINGLE (Groundball, 34D) (infield hit)
Batting: LHB Keith Beard 0-0: Ball
1-0: Sac Bunt - play at first, batter OUT! 1-4
John Cotton to second
Batting: LHB Jeff Daniels 0-0: Foul Ball, location: 2F
0-1: Ball
1-1: Called Strike
1-2: Foul Ball, location: 2F
1-2: Ground out 4-3 (Groundball, 4)
John Cotton to third
Batting: LHB Paul Mullins 0-0: Ground out 5-3 (Groundball, 15S)
Bottom of the 7th over - 0 run(s), 1 hit(s), 0 error(s), 1 left on base; Chicago 4 - Portland 10
TOP OF THE 8TH
Chicago Machine batting - Pitching for Portland Cards : RHP Armen Boyajian
Batting: RHB Derek Ramsey 0-0: Foul Ball, location: 2F
0-1: Ball
1-1: DOUBLE (Line Drive, 9LM)
Batting: RHB Lorenzo Guzmán 0-0: SINGLE (Groundball, 15) (infield hit)
Derek Ramsey to third
Batting: SHB Joaquín López 0-0: Ball
1-0: Foul Ball, location: 2F
1-1: Ball
2-1: Ball
3-1: Foul Ball, location: 2F
3-2: Foul Ball, location: 2F
3-2: Foul Ball, location: 2F
3-2: Grounds into double play, 4-6-3 (Groundball, 34)
Derek Ramsey scores
Batting: RHB Roberto Cardona 0-0: Called Strike
0-1: Ground out 5-3 (Groundball, 5S)
Top of the 8th over - 1 run(s), 2 hit(s), 0 error(s), 0 left on base; Chicago 5 - Portland 10
BOTTOM OF THE 8TH
Portland Cards batting - Pitching for Chicago Machine : RHP António Mata
Batting: LHB Donovan Bird 0-0: Ball
1-0: Called Strike
1-1: Foul Ball, location: 2F
1-2: Fly out, F3 (Popup, 3F)
Pitching: LHP John Lane
Batting: RHB Aaron Scott 0-0: Called Strike
0-1: Ball
1-1: Ball
2-1: SINGLE (Line Drive, 7LS)
Batting: LHB Tom Blake 0-0: Called Strike
0-1: Grounds out, U3 (Groundball, 3L)
Batting: RHB Germán Rosales 0-0: Foul Ball, location: 2F
0-1: Ball
1-1: Foul Ball, location: 2F
1-2: Strikes out looking
Bottom of the 8th over - 0 run(s), 1 hit(s), 0 error(s), 1 left on base; Chicago 5 - Portland 10
TOP OF THE 9TH
Chicago Machine batting - Pitching for Portland Cards : RHP Armen Boyajian
Now at C: Dexter Potter
Now at 3B: Bartolo Quiñones
Now in LF: Vicente Bueno
Batting: RHB Pablo Sandoval 0-0: Called Strike
0-1: Swinging Strike
0-2: Foul Ball, location: 2F
0-2: Strikes out looking
Batting: LHB Bob Smith 0-0: Ball
1-0: DOUBLE (Flyball, 9D)
Batting: RHB Edward Young 0-0: Ball
1-0: Ball
2-0: Called Strike
2-1: Ground out 1-3 (Groundball, 13S)
Bob Smith to third
Batting: SHB Edward Bartlett 0-0: Ball
1-0: Foul Ball, location: 2F
1-1: Foul Ball, location: 2F
1-2: Ball
2-2: Ball
3-2: SINGLE (Line Drive, 56D)
Bob Smith scores
Batting: RHB Doug Stephens 0-0: Ball
1-0: Ball
2-0: Ball
3-0: Called Strike
3-1: Base on Balls
Edward Bartlett to second
Pitching: RHP Steve Griffin
Batting: RHB Derek Ramsey 0-0: Ball
1-0: Ball
2-0: Called Strike
2-1: Ball
3-1: Foul Ball, location: 2F
3-2: Ground out 6-3 (Groundball, 6)
Top of the 9th over - 1 run(s), 2 hit(s), 0 error(s), 2 left on base; Chicago 6 - Portland 10
Monday, December 5th, 2016 - OOTP Baseball 17.12 Build 75